 Dungeon Crawl Stone Soup version 0.31.0-2-g5a2aebc5c2 (webtiles) character file.

Game seed: 14259198063246040516

4453957 browni3141 the Hoplite (level 24, 206/206 (210) HPs)
             Began as an Armataur Hexslinger on Jan 20, 2024.
             Was a High Priest of Zin.
             Escaped with the Orb
             ... and 5 runes
             ... and 8 gems on Jan 21, 2024!
             The game lasted 04:53:12 (55588 turns).

browni3141 the Hoplite (Armataur Hexslinger)       Turns: 55588, Time: 04:53:13

HP:   206/206 (210) AC: 23    Str: 15    XL:     24   Next: 68%
MP:   35/35         EV: 11    Int: 18    God:    Zin [*****.]
Gold: 2290          SH: 32    Dex: 23    Spells: 6/35 levels left

rFire   + + +        b - +3 greatsling "Punk" {acid, rCorr}
rCold   + + .        t - +8 tower shield {rC+ rF+}
rNeg    + + .        k - +5 ring mail {rPois}
rPois   +            E - +2 hood of the Assassin {Detect Stab+ Stlth++}
rElec   +            y - scarf of Disguise {rC+ rF+, rN+}
rCorr   +            X - +2 pair of gloves {Stlth+}
SInv    +            G - +2 barding "Xojeic" {rF+ Str-3 Stlth+}
Will    ++...        K - amulet of Vitality {RegenMP++ Regen++}
Stlth   ++           I - ring of the Devil's Advocate {rElec rPois rF+ Will+ Dex+4}
HPRegen 2.14/turn    o - ring of the Ikuchi {rElec rN+ Int+3 Slay+2 SInv}
MPRegen 1.04/turn

%: roll
@: studying Unarmed Combat, lightly drained
A: large, deformed body, tough skin 3, armoured tail, roll 2
0: Orb of Zot
}: 5/15 runes: decaying, slimy, silver, abyssal, gossamer
a: Renounce Religion, Recite, Vitalisation, Imprison, Sanctuary, Donate Gold


You escaped.
You worshipped Zin.
Zin was extremely pleased with you.
You visited 12 branches of the dungeon, and saw 56 of its levels.
You visited the Abyss 1 time.
You also visited: Trove, Ossuary, Gauntlet, Ice Cave and Volcano.

You collected 8348 gold pieces.
You spent 5220 gold pieces at shops.
You donated 838 gold pieces to Zin.

Inventory:

Hand Weapons
 a - a +9 hand cannon of flaming
 b - the +3 greatsling "Punk" (weapon) {acid, rCorr}
   (You took it off a minotaur in a Gauntlet)

   rCorr:     It protects you from acid and corrosion.
 p - a +5 morningstar of protection
 B - the +8 whip "Snakebite" {venom, curare, rPois}
   (You found it on level 5 of the Pits of Slime)

   rPois:     It protects you from poison
Missiles
 u - 4 darts of dispersal
 J - 9 curare-tipped darts
 Z - 3 throwing nets
Armour
 k - a +5 ring mail of poison resistance (worn)
 t - a +8 tower shield of resistance (worn)
 y - the scarf of Disguise (worn) {rC+ rF+, rN+}
   (You found it on level 3 of the Spider Nest)

   rN+:       It protects you from negative energy.
 E - the +2 hood of the Assassin (worn) {Detect Stab+ Stlth++}
   (You found it on level 5 of the Pits of Slime)

   Detect:    It allows the wearer to sense nearby creatures.
   Stab+:     It allows the wearer to make particularly effective stabbing
   attacks against helpless or unaware enemies with any weapon.
   Stlth++:   It makes you much more stealthy.
 G - the +2 barding "Xojeic" (worn) {rF+ Str-3 Stlth+}
   (You acquired it on level 4 of the Vaults)

   Str-3:     It affects your strength (-3).
   rF+:       It protects you from fire.
   Stlth+:    It makes you more stealthy.
 X - a +2 pair of gloves of stealth (worn)
Jewellery
 e - an amulet of regeneration
 o - the ring of the Ikuchi (right hand) {rElec rN+ Int+3 Slay+2 SInv}
   (You bought it in a shop on level 2 of the Vaults)

   [ring of positive energy]

   Int+3:     It affects your intelligence (+3).
   Slay+2:    It affects your accuracy & damage with ranged weapons and melee
   (+2).
   rElec:     It insulates you from electricity.
   rN+:       It protects you from negative energy.
   SInv:      It lets you see invisible.
 r - the ring "Hableera" {Will+ Dex+3 Stlth+}
   (You acquired it on level 3 of the Swamp)

   [ring of willpower]

   Dex+3:     It affects your dexterity (+3).
   Will+:     It increases your willpower.
   Stlth+:    It makes you more stealthy.
 s - an amulet of reflection
 v - a ring of flight
 z - the ring of Fun {rN+ Str+4 Int+3 Stlth-}
   (You found it on level 5 of the Pits of Slime)

   [ring of positive energy]

   Str+4:     It affects your strength (+4).
   Int+3:     It affects your intelligence (+3).
   rN+:       It protects you from negative energy.
   Stlth-:    It makes you less stealthy.
 D - the ring "Getan" {rF- rC++ MP+9 Dex+4}
   (You found it in a treasure trove)

   [ring of magical power]

   Dex+4:     It affects your dexterity (+4).
   rF-:       It makes you vulnerable to fire.
   rC++:      It greatly protects you from cold.
   MP+9:      It affects your magic capacity (+9).
 I - the ring of the Devil's Advocate (left hand) {rElec rPois rF+ Will+ Dex+4}
   (You found it in a treasure trove)

   [ring of willpower]

   Dex+4:     It affects your dexterity (+4).
   rF+:       It protects you from fire.
   rElec:     It insulates you from electricity.
   rPois:     It protects you from poison Will+: It increases your willpower.
 K - the amulet of Vitality (around neck) {RegenMP++ Regen++}
   (You found it in a treasure trove)

   [amulet of magic regeneration]

   RegenMP:   It increases your rate of magic regeneration.
   Regen++:   It increases your rate of health regeneration.
 N - the ring "Yffomp" {Will+ EV+5}
   (You found it on level 5 of the Pits of Slime)

   [ring of evasion]

   EV+5:      It affects your evasion (+5).
   Will+:     It increases your willpower.
 U - the amulet of Propriety {Acrobat Will+ Str+2 Dex+4}
   (You found it in a treasure trove)

   [amulet of the acrobat]

   Acrobat:   It increases your evasion while moving and waiting.
   Str+2:     It affects your strength (+2).
   Dex+4:     It affects your dexterity (+4).
   Will+:     It increases your willpower.
Wands
 f - a wand of digging (1)
 w - a wand of roots (46)
 A - a wand of acid (11)
 P - a wand of paralysis (40)
 R - a wand of mindburst (25)
Scrolls
 d - 6 scrolls of fear
 g - 6 scrolls of butterflies
 l - 8 scrolls of poison
 q - 3 scrolls of blinking
 x - 6 scrolls of immolation
 F - 16 scrolls of fog
 O - 6 scrolls of vulnerability
 T - 10 scrolls of teleportation
 W - 10 scrolls of silence
 Y - 2 scrolls of revelation
Potions
 c - 3 potions of cancellation
 h - 4 potions of haste
 i - 5 potions of invisibility
 j - 10 potions of enlightenment
 m - 8 potions of magic
 n - 7 potions of resistance
 C - 7 potions of curing
 H - 6 potions of heal wounds
 L - 9 potions of lignification
 M - 2 potions of brilliance
Miscellaneous
 Q - a phantom mirror
 S - a lightning rod (3/4)
 V - a tin of tremorstones (2/2)


   Skills:
 - Level 16.0 Fighting
 - Level 2.0 Short Blades
 - Level 18.0 Ranged Weapons
 - Level 5.0 Armour
 - Level 8.0 Dodging
 - Level 3.0 Stealth
 * Level 21.3 Shields
 - Level 6.0 Spellcasting
 - Level 12.0 Hexes
 - Level 18.0 Translocations
 - Level 3.0 Fire Magic
 + Level 16.0 Invocations
 - Level 10.0 Evocations


You had 6 spell levels left.
You knew the following spells:

 Your Spells              Type           Power      Damage    Failure   Level
a - Jinxbite              Hex            96%        N/A       1%          2
b - Sigil of Binding      Hex            48%        N/A       1%          3
c - Cause Fear            Hex            24%        N/A       3%          4
d - Dimensional Bullseye  Hex/Tloc       28%        N/A       1%          4
e - Passage of Golubria   Tloc           63%        N/A       1%          4
f - Dispersal             Tloc           31%        N/A       3%          6
i - Inner Flame           Hex/Fire       32%        N/A       5%          3
A - Apportation           Tloc           100%       N/A       1%          1
B - Blink                 Tloc           100%       N/A       1%          2

Your spell library contained the following spells:

 Spells                   Type           Power      Damage    Failure   Level
 Lesser Beckoning         Tloc           100%       N/A       1%          2
 Momentum Strike          Conj/Tloc      74%        3d10      1%          2
 Gell's Gravitas          Tloc           63%        N/A       1%          3
 Teleport Other           Tloc           63%        N/A       1%          3
 Ensorcelled Hibernation  Hex/Ice        54%        N/A       5%          2
 Scorch                   Fire           32%        2d6       19%         2
 Kiss of Death            Conj/Necr      20%        2d7       38%         1
 Magic Dart               Conj           20%        1d4       38%         1
 Sandblast                Erth           10%        2d5       38%         1
 Shock                    Conj/Air       20%        1d4       38%         1
 Summon Small Mammal      Summ           20%        N/A       38%         1
 Cigotuvi's Dreadful Rot  Necr/Alch/Air  10%        N/A       52%         2
 Searing Ray              Conj           10%        2d4       52%         2
 Metabolic Englaciation   Hex/Ice        13%        N/A       67%         5
 Silence                  Hex/Air        13%        N/A       67%         5
 Yara's Violent Unravell  Hex/Alch       13%        3d7       67%         5
 Call Canine Familiar     Summ           5%         N/A       77%         3
 Fugue of the Fallen      Necr           5%         N/A       77%         3
 Mephitic Cloud           Conj/Alch/Air  5%         N/A       77%         3
 Ozocubu's Armour         Ice            5%         N/A       77%         3
 Passwall                 Erth           5%         N/A       77%         3
 Stone Arrow              Conj/Erth      10%        3d7       77%         3
 Swiftness                Air            5%         N/A       77%         3
 Flame Wave               Conj/Fire      10%        2d6       91%         4
 Ignite Poison            Fire/Alch      10%        N/A       91%         4
 Sticky Flame             Fire/Alch      10%        2d5       91%         4
 Summon Blazeheart Golem  Fire/Summ      10%        N/A       91%         4
 Airstrike                Air            2%         2d(1-17)  99%         4
 Animate Armour           Summ/Erth      10%        N/A       99%         4
 Animate Dead             Necr           5%         N/A       99%         4
 Brom's Barrelling Bould  Conj/Erth      5%         2d3       99%         4
 Fulminant Prism          Conj/Alch      2%         3d5       99%         4
 Leda's Liquefaction      Alch/Erth      2%         N/A       99%         4
 Martyr's Knell           Necr/Summ      5%         N/A       99%         4
 Fireball                 Conj/Fire      5%         3d5       99%         5
 Alistair's Intoxication  Alch           3%         N/A       100%        5
 Borgnjor's Vile Clutch   Necr/Erth      2%         N/A       100%        5
 Freezing Cloud           Conj/Ice/Air   2%         6-21      100%        5
 Iskenderun's Battlesphe  Conj           5%         2d6       100%        5
 Lee's Rapid Deconstruct  Erth           2%         3d5*      100%        5
 Bombard                  Conj/Erth      2%         9d1       100%        6
 Conjure Ball Lightning   Conj/Air       2%         3x3d6     100%        6
 Eringya's Noxious Bog    Alch           2%         4d6       100%        6
 Sculpt Simulacrum        Ice/Alch       2%         N/A       100%        6
 Summon Cactus Giant      Summ           2%         N/A       100%        6
 Enfeeble                 Hex            24%        N/A       94%         7
 Orb of Destruction       Conj           2%         9d5       100%        7
 Ozocubu's Refrigeration  Ice            2%         4d8       100%        7
 Spellforged Servitor     Conj/Summ      2%         N/A       100%        7
 Lehudib's Crystal Spear  Conj/Erth      2%         10d2      100%        8
 Chain Lightning          Conj/Air       2%         3d3       100%        9
 Dragon's Call            Summ           2%         N/A       100%        9
 Fire Storm               Conj/Fire      5%         8d1       100%        9
 Polar Vortex             Ice            2%         N/A       100%        9
 Shatter                  Erth           2%         3d6*      100%        9


Dungeon Overview and Level Annotations

Branches:
Dungeon (15/15)            Temple (1/1) D:5            Lair (5/5) D:11
  Swamp (4/4) Lair:2       Spider (4/4) Lair:2        Slime (5/5) Lair:5
    Orc (2/2) D:10            Elf (3/3) Orc:2        Vaults (5/5) D:14
  Crypt (3/3) Vaults:2     Depths (4/4) D:15            Zot (5/5) Depths:4
Ossuary (visited)           IceCv (visited)         Volcano (visited)
Gauntlet (visited)
   Tomb: Crypt:3

Altars:
Ashenzari
Cheibriados
Dithmenos
Elyvilon
Fedhas
Gozag
Hepliaklqana
Kikubaaqudgha
Makhleb
Nemelex Xobeh
Okawaru
Qazlal
Ru
Sif Muna
Trog
Uskayaw
Vehumet
Wu Jian
Xom
Yredelemnul
Zin
The Shining One
Jiyva

Shops:
D:6 *   D:10 [   Orc:1 *   Orc:2 [***   Vaults:1 :   Vaults:2 ?=[:
Vaults:5 ??!   Depths:1 (   Depths:2 [[?   Depths:3 [!   Depths:4 =

Portals:
Hell: Depths:1 Depths:2 Depths:3 Depths:4
Abyss: Depths:3
Pandemonium: Depths:2
Ziggurat: Depths:2

Annotations:
D:12 2 transporters, Vadun's ghost, journeyman MiFi
Vaults:3 1 runed translucent door, Vatovie's ghost, veteran MiFi
Depths:1 1 runed translucent door


Innate Abilities, Weirdness & Mutations

Armour fits poorly on your strangely shaped body.
You have extremely tough skin. (AC +3)
You have a long armoured tail.
You regenerate magic and health when rolling toward enemies. (Rampage Regen)


Message History

Press: ? - help, Dir - look around, f - activate The hell rat disappears!
The Orb Guardian blinks!
There is a stone staircase leading up here.
Ytratoc gestures at you.
Ytratoc gestures.
You climb upwards.
There is a stone staircase leading down here.
What level of the Dungeon? (default 1, ? - help) Magic restored.
HP restored.
An Ice Fiend comes into view.
As you read the scroll of fog, it dissolves into smoke.
A cacodemon and 2 sixfirhies come into view.
Casting: Dispersal (mildly dangerous; 3% risk of failure)
Confirm with . or Enter, or press ? or * to list all spells.
Casting: Dispersal (mildly dangerous; 3% risk of failure)
Press: ? - help, Dir - look around, f - activate The Ice Fiend blinks!
The sixfirhy blinks!
The cacodemon blinks!
The sixfirhy disappears!
The sixfirhy moves out of view.
You block the sixfirhy's attack. The cacodemon gestures at you.
The bolt of devastation misses you.
You block the sixfirhy's attack. x3; The cacodemon hits you.
You block the cacodemon's attack.
The cacodemon attacks as it pursues you!
You block the cacodemon's attack. x2
You feel yourself speed up. You block the sixfirhy's attack.
You block the cacodemon's attack. x2; The Ice Fiend claws you.
The Ice Fiend freezes you! You resist. You block the Ice Fiend's attack.
Activating: Sanctuary (1% risk of failure)
Press: ? - help, Dir - look around, f - activate You hear a choir sing!
The monsters scatter in all directions!
Zin will no longer cleanse your potions of mutation.
Unknown command.
Noaxaforpho comes into view. It is armed with a chaotic touch.
You roll towards the sixfirhy!
Okay, then.
You hear a grinding noise.
Casting: Dispersal (mildly dangerous; 3% risk of failure)
Confirm with . or Enter, or press ? or * to list all spells.
Casting: Dispersal (mildly dangerous; 3% risk of failure)
Press: ? - help, Dir - look around, f - activate The sixfirhy blinks! x2
A sun demon comes into view.
You hear a grinding noise.
There is a stone staircase leading up here.
What level of the Dungeon? (default 1, ? - help)
You climb upwards.
There is a stone staircase leading down here.
There is a stone staircase leading up here.
You climb upwards.
There is a stone staircase leading down here.
Things that are here:
a +0 robe; a +2 war axe of electrocution
Things that are here:
a +0 robe; a +2 battleaxe You see here a +0 dagger.
Things that are here:
a +0 robe; a +0 dagger
Things that are here:
a +0 robe; a +5 flail A lich comes into view.
The lich shouts!
You roll towards the lich!
A sixfirhy comes into view.
The lich attacks as it pursues you! You block the lich's attack.
Things that are here:
a +0 robe; a +1 falchion
There is a stone staircase leading up here.
Your extra speed is starting to run out.
The lich mumbles some strange words.
The lich seems to speed up.
You climb upwards.
There is a stone staircase leading down here.
What level of the Dungeon? (default 1, ? - help)
There is an open door here.
You feel yourself slow down.
There is an open door here.
There is a stone staircase leading up, spattered with blood here.
You climb upwards.
There is a stone staircase leading down here.
There is a stone staircase leading up here.
You climb upwards.
There is a stone staircase leading down here.
There is a stone staircase leading up here.
You climb upwards.
There is a stone staircase leading down here.
There is a stone staircase leading up here.
You climb upwards.
There is a stone staircase leading down here.
You see here 6 stones.
There is a stone staircase leading up here.
You climb upwards.
There is a stone staircase leading down here.
There is a stone staircase leading up here.
You climb upwards.
There is a stone staircase leading down here.
There is an open door here.
There is a staircase leading out of the dungeon here.
You have escaped!

#.####.########.######.# #
#.#.................##.# #
#.#.#######'#######.#..# #
#.#.#.............#.#### #
#.#.#.###########.#.#
#.#.#.#.........#.#.#
#.#.#.#.###.###.#.#.# #
#.#.#.#.#.....#.#.#.#### #
####.#...#...#..@..#...#....#
##
.....###.#.#.#.....#.#.#.##.#
#. .....#
#.#.#.#######.#.#.##.####.
####.#
#.#.#.........#.#.#....... .#
#.#.###########.#.#####... .#
#.#.............#.# #.#. .#
#.#######'#######.# #.## .#
#.................# #.## .#
#####.########.#### #.##


There were no monsters in sight!

Vanquished Creatures
  the Royal Jelly (Slime:5)
  2 dread liches
  2 ancient liches (Vaults:5)
  Mara (Depths:1)
  Xtahua (Vaults:4)
  Margery (Vaults:4)
  7 golden dragons
  Jory (Depths:3)
  3 bone dragons
  Arachne (Spider:3)
  6 tentacled monstrosities
  4 liches
  A walking crystal tome (Depths:3)
  Rupert (D:15)
  4 titans
  2 deep elf blademasters (Elf:2)
  A quicksilver dragon (Zot:1)
  Asterion (Spider:2)
  2 deep elf master archers (Elf:3)
  A searing wretch (Vaults:4)
  8 acid blobs
  7 sphinxes
  2 ancient champions (Depths:3)
  An Executioner (Abyss:2)
  Kirke (D:13)
  5 tentacled starspawn
  9 storm dragons
  A thorn hunter (Swamp:4)
  2 revenants
  7 shadow dragons
  3 rockslimes
  A draconian knight (Depths:4)
  Aizul (Spider:3)
  11 azure jellies
  8 tengu reavers
  8 frost giants
  2 iron dragons
  14 fire giants
  2 emperor scorpions (Spider:1)
  2 protean progenitors (Zot:5)
  6 ghost moths
  4 deep elf elementalists (Elf:3)
  7 deep elf sorcerers
  11 vault wardens
  2 curse skulls
  5 orc warlords
  6 formless jellyfish
  18 very ugly things
  A balrug (Depths:2)
  3 broodmothers (Spider:2)
  8 quicksilver oozes
  12 ironbound preservers
  22 stone giants
  2 draconian stormcallers (Depths:4)
  5 ironbound thunderhulks
  6 deep elf demonologists
  2 spriggan defenders (Depths:3)
  8 deep elf death magi
  6 vampire knights
  4 eleionomae
  A minotaur (Gauntlet)
  A lorocyproca (Zot:4)
  A dire elephant (Vaults:1)
  2 purple draconians (Depths:4)
  4 war gargoyles
  2 bunyips (Swamp:4)
  2 yellow draconians (Depths:4)
  Azrael (D:14)
  7 deep elf annihilators
  7 spark wasps
  A green death (Abyss:2)
  7 fire dragons
  2 crystal guardians (Crypt:3)
  6 deep elf high priests
  An eidolon (Abyss:2)
  9 ettins
  11 entropy weavers
  18 yaktaur captains
  Josephine (Orc:1)
  2 shambling mangroves
  14 jiangshi
  12 ice dragons
  A salamander tyrant (Depths:3)
  3 rakshasas (Depths:3)
  7 great orbs of eyes
  18 hydras
  A sphinx zombie (Depths:2)
  7 spriggan air magi
  33 vault guards
  Erolcha (D:10)
  7 jorogumos
  Erica (D:9)
  8 alligators
  A peacekeeper (Vaults:1)
  5 radroaches
  A ghost crab (Swamp:3)
  A merfolk avatar (Lair:5)
  3 centaur warriors
  10 ironbound frosthearts
  10 two-headed ogres
  4 dancing weapons
  2 death knights (Vaults:2)
  5 tengu warriors
  A two-headed ogre (shapeshifter) (Depths:3)
  10 boulder beetles
  6 deep troll earth magi
  A death scarab (Depths:2)
  5 orc high priests (Orc:2)
  7 demonic crawlers
  A bennu skeleton (Crypt:2)
  7 death yaks
  5 deep troll shamans
  A naga warrior (Abyss:3)
  5 thrashing horrors (Abyss:2)
  Urug (D:11)
  9 vampire magi
  A titan zombie (Vaults:4)
  An occultist (Depths:2)
  9 hell knights
  4 spriggan berserkers
  26 skeletal warriors
  3 salamander mystics
  2 wretched stars (Abyss:2)
  4 sun demons
  4 sixfirhies (Gauntlet)
  A shadow wraith (Vaults:2)
  Amaemon (D:8)
  2 sea snakes (shapeshifter) (Vaults:5)
  4 glowing orange brains
  9 iron trolls
  2 goliath frogs (Swamp:1)
  A titan skeleton (Abyss:2)
  A fire crab (shapeshifter) (Depths:2)
  A golden dragon zombie (Vaults:4)
  45 deep trolls
  2 sea snakes (Lair:5)
  A death drake (Swamp:4)
  A bunyip zombie (Crypt:3)
  11 swamp dragons
  2 spriggan druids
  4 pharaoh ants
  9 arcanists
  14 orb spiders
  2 bog bodies
  7 flayed ghosts
  Pikel (D:8)
  9 phantasmal warriors
  3 sun moths
  5 large abominations
  5 harpies (Lair:5)
  26 ironbound convokers
  3 deep elf archers
  21 lindwurms
  10 orc knights
  An obsidian statue (Zot:1)
  7 deep elf zephyrmancers
  A golden dragon skeleton (Vaults:2)
  16 necromancers
  2 starcursed masses (Abyss:2)
  3 steelbarb worms
  2 lightning spires (Zot:1)
  A frost giant zombie (Depths:2)
  2 manticores
  2 fire giant zombies
  8 salamanders
  5 deep elf pyromancers
  25 ugly things
  3 oklob plants (Zot:1)
  22 wolf spiders
  2 cyclopes (shapeshifter) (Vaults:4)
  7 orc sorcerers
  3 tengu skeletons
  5 moths of wrath
  A shining eye (Slime:5)
  6 human zombies
  4 will-o-the-wisps
  4 worldbinders
  11 cyclopes
  A kobold blastminer (Orc:2)
  12 meliai
  2 stone giant zombies (Depths:1)
  4 human skeletons
  3 black mambas
  A stone giant skeleton (Vaults:4)
  A centaur zombie (Crypt:3)
  An eye of devastation (shapeshifter) (Vaults:4)
  3 ice statues (IceCv)
  2 water nymphs (Abyss:3)
  Joseph (D:9)
  11 elephants
  5 smoke demons (Abyss:2)
  21 vault sentinels
  5 torpor snails
  A kobold demonologist (D:10)
  3 eyes of devastation
  2 gargoyles (D:7)
  2 orange demons
  8 cane toads
  A hellion (Abyss:2)
  35 yaktaurs
  Psyche (D:11)
  2 rime drakes
  5 freezing wraiths
  8 komodo dragons
  An unseen horror (D:12)
  A komodo dragon (shapeshifter) (Depths:2)
  3 ancient zymes (Abyss:2)
  2 tengu conjurers
  3 guardian mummies (Crypt:1)
  20 hornets
  A bloated husk (Swamp:2)
  2 polar bears
  A radroach zombie (Crypt:1)
  A wind drake (Lair:5)
  A polar bear (shapeshifter) (Elf:1)
  A tengu simulacrum (Vaults:2)
  13 trolls
  9 glass eyes
  A harpy skeleton (Abyss:3)
  38 tarantellas
  13 blink frogs
  6 tyrant leeches
  A fire dragon zombie (Crypt:3)
  4 human simulacra
  26 jumping spiders
  69 slime creatures
  Sigmund (D:2)
  An elf skeleton (Vaults:4)
  17 spriggans
  26 culicivoras
  8 wraiths
  An elf zombie (Vaults:2)
  3 wyverns (Lair:5)
  A deep troll skeleton (Vaults:4)
  4 hogs (D:13)
  A fire bat (Abyss:2)
  10 water elementals
  A ynoxinul (Abyss:2)
  2 shadows
  3 basilisks
  An ettin skeleton (Depths:1)
  44 yaks
  4 fire elementals
  3 chaos spawn (Abyss:2)
  72 redbacks
  10 wargs
  An elf simulacrum (Vaults:4)
  5 steam dragons
  14 vampire mosquitoes
  A yaktaur simulacrum (Vaults:2)
  5 small abominations (Abyss:2)
  2 acid dragons
  19 swamp worms
  A skyshark zombie (Crypt:1)
  5 great orb of eyes simulacra (IceCv)
  12 water moccasins
  7 hell hounds
  47 orc warriors
  A glowing shapeshifter skeleton (Depths:2)
  2 ice beasts
  2 sky beasts
  2 black bears (D:6)
  9 swamp drakes
  14 ogres
  22 laughing skulls
  A lemure (D:8)
  4 wolves (Lair:3)
  6 centaurs
  A slime creature simulacrum (IceCv)
  13 bullfrogs
  5 kobold brigands
  A weeping skull (Abyss:2)
  2 gnoll sergeants
  An earth elemental (Elf:2)
  4 glowing shapeshifter simulacra (IceCv)
  A necrophage (Crypt:3)
  5 scorpions
  7 wights
  8 killer bees
  3 electric eels
  12 howler monkeys
  2 quasits (Abyss:2)
  A bombardier beetle (D:7)
  4 hounds
  3 jellies
  43 orc priests
  Crazy Yiuf (D:6)
  2 sleepcaps
  3 gnoll boudas
  2 iguanas
  An iron imp (Abyss:2)
  Natasha (thrice) (D:2)
  34 orc wizards
  5 shapeshifter simulacra (IceCv)
  10 mummies
  Robin (D:2)
  5 adders
  20 gnolls
  A river rat (D:11)
  3 white imps
  8 ufetubi
  5 ribbon worms
  2 dart slugs (D:1)
  125 orcs
  8 ball pythons
  4 bats
  9 endoplasms
  2 giant cockroaches
  12 hobgoblins
  4 jackals (D:2)
  2 quokkas
  4 frilled lizards
  21 goblins
  2 hobgoblin zombies (Ossuary)
  12 kobolds
  A kobold zombie (Ossuary)
  5 orc zombies (Ossuary)
  7 rats
  3 starspawn tentacles (Abyss:2)
2172 creatures vanquished.

Vanquished Creatures (collateral kills)
  A spriggan defender (Depths:4)
  A vampire knight (Depths:1)
  A war gargoyle (Vaults:5)
  A spriggan berserker (Depths:4)
  A hell knight (Vaults:4)
  A necromancer (Vaults:4)
  A torpor snail (Spider:3)
7 creatures vanquished.

Vanquished Creatures (others)
  Nikola (Depths:1)
  A tentacled monstrosity (Zot:2)
  A draconian monk (Zot:2)
  A vampire knight (Depths:1)
  A deep elf annihilator (Elf:3)
  A sun demon (Zot:4)
  A deep elf zephyrmancer (Elf:1)
  A swamp worm (Swamp:3)
  A kobold (D:9)
  3 foxfires
  11 starspawn tentacles
23 creatures vanquished.

Grand Total: 2202 creatures vanquished

Notes
Turn   | Place    | Note
-------+----------+-------------------------------------------
     0 | D:1      | browni3141 the Armataur Hexslinger began the quest for the
                  | Orb.
     0 | D:1      | Reached XP level 1. HP: 15/15 MP: 2/2
   193 | D:1      | Reached XP level 2. HP: 23/23 MP: 3/3
   285 | D:1      | Learned a level 2 spell: Jinxbite
   366 | D:1      | Reached XP level 3. HP: 28/28 MP: 1/4
   681 | D:2      | Noticed Robin
   698 | D:2      | Killed Robin
   875 | D:2      | Noticed Natasha
   881 | D:2      | Killed Natasha
   882 | D:2      | Reached XP level 4. HP: 26/35 MP: 2/5
   901 | D:2      | Learned a level 3 spell: Sigil of Binding
   914 | D:2      | Found a shimmering blue altar of Sif Muna.
   943 | D:2      | Noticed Sigmund
   973 | D:2      | Noticed Natasha
  1009 | D:2      | Killed Sigmund
  1010 | D:2      | Reached skill level 3 in Ranged Weapons
  1010 | D:2      | Reached skill level 3 in Stealth
  1010 | D:2      | Reached skill level 3 in Hexes
  1010 | D:2      | Reached XP level 5. HP: 31/40 MP: 3/8
  1013 | D:2      | Killed Natasha
  1014 | D:2      | Reached XP level 6. HP: 37/47 MP: 2/9
  1114 | D:2      | Noticed Natasha
  1121 | D:2      | Killed Natasha
  1804 | D:3      | Learned a level 3 spell: Inner Flame
  2406 | D:4      | Found a sparkling altar of Nemelex Xobeh.
  2587 | D:4      | Found a burning altar of Makhleb.
  2587 | D:4      | Noticed a cacodemon
  2662 | D:4      | Gained mutation: You regenerate magic and health when
                  | rolling toward enemies. (Rampage Regen) [Armataur growth]
  2662 | D:4      | Reached XP level 7. HP: 37/52 MP: 7/11
  2784 | D:4      | Found a glowing silver altar of Zin.
  2788 | D:4      | Became a worshipper of Zin the Law-Giver
  2788 | D:4      | Reached * piety under Zin
  2850 | D:4      | Reached skill level 3 in Spellcasting
  3047 | D:5      | Entered Level 5 of the Dungeon
  3220 | D:5      | Reached ** piety under Zin
  3226 | D:5      | Learned a level 4 spell: Cause Fear
  3310 | D:5      | Found a staircase to the Ecumenical Temple.
  3319 | Temple   | Entered the Ecumenical Temple
  3325 | D:5      | Reached skill level 3 in Evocations
  4026 | D:6      | Found a bloodstained altar of Trog.
  4060 | D:6      | Reached XP level 8. HP: 59/59 MP: 7/13
  4292 | D:6      | Reached skill level 3 in Invocations
  4333 | D:6      | Found a sand-covered staircase.
  4353 | D:6      | Found Foirghopn's Assorted Antiques.
  4363 | D:6      | Bought a ruby potion for 19 gold pieces
  4363 | D:6      | Bought a scroll of fog for 88 gold pieces
  4426 | Ossuary  | Entered an ossuary
  4438 | Ossuary  | Reached *** piety under Zin
  4517 | Ossuary  | Reached **** piety under Zin
  4532 | Ossuary  | Reached ***** piety under Zin
  4776 | D:6      | Found a runed translucent door.
  4777 | D:6      | Noticed Crazy Yiuf
  5084 | D:6      | Reached ****** piety under Zin
  5398 | D:6      | Killed Crazy Yiuf
  5511 | D:7      | Found a hide-covered altar of Uskayaw.
  5511 | D:7      | Noticed a boulder beetle
  5511 | D:7      | Noticed a troll
  5535 | D:7      | Killed a boulder beetle
  5536 | D:7      | Reached XP level 9. HP: 56/64 MP: 1/16
  5541 | D:7      | Killed a troll
  5542 | D:7      | Reached skill level 6 in Hexes
  5704 | D:7      | Noticed a two-headed ogre
  5719 | D:7      | Found a sacrificial altar of Ru.
  5719 | D:7      | Noticed a gargoyle
  5721 | D:7      | Identified a scroll of acquirement
  5721 | D:7      | Acquired a +1 tower shield of protection
  5728 | D:7      | Noticed a two-headed ogre
  5737 | D:7      | Killed a gargoyle
  5743 | D:7      | Killed a two-headed ogre
  5744 | D:7      | Reached skill level 6 in Ranged Weapons
  5744 | D:7      | Killed a two-headed ogre
  5745 | D:7      | Reached XP level 10. HP: 49/71 MP: 8/17
  5752 | D:7      | Learned a level 4 spell: Dimensional Bullseye
  5820 | D:7      | Noticed a green ugly thing
  5836 | D:7      | Killed a green ugly thing
  5921 | D:7      | Noticed a cyclops
  5930 | D:7      | Noticed a gargoyle
  6294 | D:7      | Found an iron altar of Okawaru.
  6444 | D:7      | Killed a gargoyle
  6454 | D:7      | Reached skill level 3 in Translocations
  6477 | D:7      | Found an ancient bone altar of Kikubaaqudgha.
  6477 | D:7      | Found a broken altar of Ashenzari.
  6478 | D:7      | Noticed a cyclops
  6490 | D:7      | Killed a cyclops
  6523 | D:7      | Killed a cyclops
  7662 | D:8      | Reached XP level 11. HP: 65/77 MP: 16/18
  7672 | D:8      | Reached skill level 9 in Ranged Weapons
  7693 | D:8      | Noticed Amaemon
  7702 | D:8      | Killed Amaemon
  7863 | D:8      | Noticed Pikel
  7875 | D:8      | Killed Pikel
  8164 | D:9      | Identified the +10 quarterstaff "Vuwahuac" {elec, rF+
                  | Dex+3}
  8219 | D:9      | Reached skill level 1 in Shields
  8559 | D:9      | Noticed Erica
  8571 | D:9      | Killed Erica
  8572 | D:9      | Reached skill level 2 in Shields
  9236 | D:9      | Noticed Joseph
  9245 | D:9      | Killed Joseph
  9358 | D:10     | Entered Level 10 of the Dungeon
  9359 | D:10     | Acquired the +3 barding of Tiqu {*Slow rElec Dex+3}
  9390 | D:10     | Reached skill level 3 in Shields
  9399 | D:10     | Noticed Erolcha
  9415 | D:10     | Killed Erolcha
  9416 | D:10     | Reached skill level 6 in Invocations
  9463 | D:10     | Noticed a two-headed ogre
  9468 | D:10     | Killed a two-headed ogre
  9472 | D:10     | Reached skill level 4 in Shields
  9481 | D:10     | Found a staircase to the Orcish Mines.
  9637 | D:10     | Reached skill level 6 in Spellcasting
  9650 | D:10     | Reached XP level 12. HP: 47/84 MP: 18/21
  9661 | D:10     | Identified the +5 quarterstaff "Ezuzxui" {heavy, *Slow
                  | rPois Str+5 Int+2}
  9783 | D:10     | Found Imeamuh's Armour Emporium.
 10237 | D:11     | Noticed a death yak
 10237 | D:11     | Found a staircase to the Lair.
 10237 | D:11     | Noticed a death yak
 10237 | D:11     | Noticed a death yak
 10239 | D:11     | Noticed Psyche
 10245 | D:11     | Killed Psyche
 10252 | D:11     | Killed a death yak
 10253 | D:11     | Killed a death yak
 10253 | D:11     | Killed a death yak
 10372 | D:11     | Found an ancient bone altar of Kikubaaqudgha.
 10427 | D:11     | Reached skill level 5 in Shields
 10599 | D:11     | Noticed Urug
 10609 | D:11     | Killed Urug
 10610 | D:11     | Reached skill level 3 in Fighting
 10855 | Lair:1   | Entered Level 1 of the Lair of Beasts
 11385 | Lair:2   | Found a hole to the Spider Nest.
 11394 | Lair:2   | Reached skill level 3 in Armour
 11395 | Lair:2   | Reached skill level 6 in Shields
 11545 | Lair:2   | Found a staircase to the Swamp.
 11924 | Lair:3   | Noticed a seven-headed hydra
 11928 | Lair:3   | Killed a seven-headed hydra
 11929 | Lair:3   | Noticed a boulder beetle
 11950 | Lair:3   | Killed a boulder beetle
 12154 | Lair:3   | Reached XP level 13. HP: 76/96 MP: 22/22
 12316 | Lair:3   | Reached skill level 7 in Shields
 12610 | Lair:4   | Found a gate leading to a gauntlet.
 12719 | Gauntlet | Entered a Gauntlet
 12719 | Gauntlet | Found a transporter.
 12719 | Gauntlet | Found a transporter.
 12721 | Gauntlet | Found a transporter.
 12724 | Gauntlet | Found a transporter.
 12724 | Gauntlet | Found a transporter.
 12765 | Gauntlet | Found a transporter.
 12768 | Gauntlet | Found a transporter.
 12770 | Gauntlet | Found a transporter.
 12780 | Gauntlet | Found a transporter.
 12796 | Gauntlet | Found a transporter.
 12820 | Gauntlet | Found a transporter.
 12827 | Gauntlet | Found a transporter.
 12869 | Gauntlet | Found a transporter.
 12883 | Gauntlet | Found a transporter.
 12912 | Gauntlet | Identified the +1 helmet of Tuovar {rElec rPois rF-}
 12960 | Gauntlet | Reached skill level 8 in Shields
 12977 | Gauntlet | Identified the +1 pair of gloves "Nenaiviw" {Str+6 Dex-5}
 13002 | Gauntlet | Reached skill level 9 in Invocations
 13015 | Gauntlet | Identified the ring "Niug Ush" {rC+ MP+9}
 13080 | Gauntlet | Identified the +5 short sword of the Hungering Augurer
                  | {freeze, Int+3}
 13080 | Gauntlet | Noticed a minotaur
 13097 | Gauntlet | Killed a minotaur
 13107 | Gauntlet | Identified the +3 pair of boots of Gallantry {rCorr}
 13328 | Lair:5   | Entered Level 5 of the Lair of Beasts
 13382 | Lair:5   | Found a dark tunnel.
 13395 | Volcano  | Entered a volcano
 13535 | Volcano  | Noticed a fire dragon
 13553 | Volcano  | Killed a fire dragon
 13554 | Volcano  | Reached skill level 9 in Shields
 13807 | Lair:5   | Found a frozen archway.
 13816 | IceCv    | Entered an ice cave
 13838 | IceCv    | Reached XP level 14. HP: 104/104 MP: 23/23
 13944 | IceCv    | Reached skill level 12 in Ranged Weapons
 13944 | IceCv    | Reached skill level 10 in Shields
 14111 | IceCv    | Noticed a quicksilver ooze
 14122 | IceCv    | Killed a quicksilver ooze
 14399 | IceCv    | Found a viscous altar of Jiyva.
 14399 | IceCv    | Noticed an azure jelly
 14416 | IceCv    | Killed an azure jelly
 14428 | IceCv    | Noticed a quicksilver ooze
 14433 | IceCv    | Killed a quicksilver ooze
 14449 | IceCv    | Identified the amulet of Ynistru {Reflect Harm rPois Str+2
                  | SH+5 Stlth+}
 14467 | IceCv    | Got the ring "Fecvithu" {rC+ Int-5 Dex+4}
 14669 | Lair:5   | Reached skill level 11 in Shields
 15134 | Lair:5   | Reached skill level 12 in Shields
 15171 | Lair:5   | Found a staircase to the Slime Pits.
 15171 | Lair:5   | Found a viscous altar of Jiyva.
 15290 | Lair:5   | Got an earthy gem with 694 turns to spare
 15442 | Orc:1    | Entered Level 1 of the Orcish Mines
 15442 | Orc:1    | Noticed Josephine
 15445 | Orc:1    | Killed Josephine
 15680 | Orc:2    | Entered Level 2 of the Orcish Mines
 16011 | Orc:1    | Found Qajeudw Ruas's General Store.
 16069 | Orc:1    | Bought a potion of heal wounds for 65 gold pieces
 16519 | Orc:2    | Reached skill level 13 in Shields
 16573 | Orc:2    | Noticed an orc warlord
 16582 | Orc:2    | Killed an orc warlord
 16647 | Orc:2    | Reached XP level 15. HP: 110/110 MP: 24/24
 16745 | Orc:2    | Found Wothramo's General Store.
 16750 | Orc:2    | Bought a potion of heal wounds for 90 gold pieces
 16750 | Orc:2    | Bought a potion of heal wounds for 90 gold pieces
 16750 | Orc:2    | Bought a scroll of teleportation for 54 gold pieces
 16750 | Orc:2    | Bought a scroll of fear for 72 gold pieces
 16750 | Orc:2    | Bought a wand of paralysis (6) for 259 gold pieces
 16757 | Orc:2    | Found Tefaud's General Store.
 16810 | Orc:2    | Bought a potion of invisibility for 120 gold pieces
 16810 | Orc:2    | Bought a scroll of fear for 60 gold pieces
 16810 | Orc:2    | Bought a scroll of silence for 142 gold pieces
 17226 | Orc:2    | Found Rapa Kil's General Store.
 17235 | Orc:2    | Bought a potion of curing for 51 gold pieces
 17235 | Orc:2    | Bought a scroll of butterflies for 68 gold pieces
 17235 | Orc:2    | Bought a scroll of revelation for 127 gold pieces
 17308 | Orc:2    | Found Wuhankun's Antique Armour Shop.
 17445 | Orc:2    | Reached skill level 14 in Shields
 17614 | Orc:2    | Found a staircase to the Elven Halls.
 18067 | Orc:2    | Bought a brightly glowing ring mail for 189 gold pieces
 18067 | Orc:2    | Identified the +3 ring mail "Wyupn" {Int+2} (You bought it
                  | in a shop on level 2 of the Orcish Mines)
 18130 | Orc:1    | Bought a +4 ring mail of poison resistance for 364 gold
                  | pieces
 18322 | Swamp:1  | Entered Level 1 of the Swamp
 18603 | Swamp:4  | Entered Level 4 of the Swamp
 18794 | Swamp:4  | Noticed a thorn hunter
 18802 | Swamp:4  | Reached skill level 15 in Shields
 18803 | Swamp:4  | Killed a thorn hunter
 18856 | Swamp:4  | Got a mossy gem with 1311 turns to spare
 18858 | Swamp:4  | Got a decaying rune of Zot
 18970 | Swamp:4  | Was placed under penance by Zin
 18979 | Swamp:4  | Donated 122 gold pieces to Zin
 19094 | Swamp:4  | Identified the +11 dagger of the Dead {freeze, rF+ Dex+2}
 19480 | Swamp:4  | Reached XP level 16. HP: 106/116 MP: 25/25
 19605 | Swamp:3  | Reached skill level 12 in Invocations
 19617 | Swamp:3  | Reached skill level 3 in Dodging
 19821 | Swamp:3  | Acquired the ring "Hableera" {Will+ Dex+3 Stlth+}
 20612 | Swamp:2  | Reached skill level 6 in Evocations
 22610 | Spider:1 | Entered Level 1 of the Spider Nest
 22878 | Spider:1 | You fall into a shaft and drop 1 floor!
 23190 | Spider:3 | Identified the serpent talisman "Kemmuhoj" {rElec}
 23190 | Spider:3 | Noticed Aizul
 23208 | Spider:3 | Noticed Arachne
 23210 | Spider:3 | Killed Aizul
 23226 | Spider:3 | Killed Arachne
 23227 | Spider:3 | Reached skill level 6 in Dodging
 23322 | Spider:4 | Entered Level 4 of the Spider Nest
 23421 | Spider:3 | Learned a level 2 spell: Blink
 23620 | Spider:3 | Reached skill level 9 in Evocations
 24045 | Spider:3 | Identified the scarf of Disguise {rC+ rF+, rN+}
 24164 | Spider:4 | Reached XP level 17. HP: 94/124 MP: 26/26
 24491 | Spider:3 | Reached skill level 6 in Translocations
 24735 | Spider:4 | Got a gossamer rune of Zot
 24738 | Spider:4 | Got a milky-white gem with 357 turns to spare
 24739 | Spider:4 | Donated 252 gold pieces to Zin
 25414 | Spider:4 | Reached skill level 6 in Fighting
 25451 | Spider:4 | Was forgiven by Zin
 26041 | Spider:2 | Reached skill level 9 in Hexes
 26422 | Spider:2 | Noticed Asterion
 26433 | Spider:2 | Killed Asterion
 27557 | Spider:1 | Reached XP level 18. HP: 126/129 MP: 1/27
 27708 | Spider:1 | Reached skill level 3 in Fire Magic
 28516 | D:12     | Found a transporter.
 28531 | D:12     | Found a bloodstained altar of Trog.
 28993 | D:12     | Noticed Vadun's ghost (journeyman MiFi)
 29005 | D:12     | Found a transporter.
 29228 | D:13     | Noticed Kirke
 29239 | D:13     | Killed Kirke
 29898 | D:14     | Found a gate to the Vaults.
 30178 | D:14     | Noticed Azrael
 30187 | D:14     | Killed Azrael
 30439 | D:14     | Found a portal to a secret trove of treasure.
 30482 | D:15     | Entered Level 15 of the Dungeon
 30688 | D:15     | Noticed Rupert
 30688 | D:15     | Paralysed by Rupert for 3 turns
 30704 | D:15     | Killed Rupert
 30710 | D:15     | Found a staircase to the Depths.
 30985 | Depths:1 | Entered Level 1 of the Depths
 30985 | Depths:1 | Noticed Mara
 31076 | Vaults:1 | Entered Level 1 of the Vaults
 31266 | Vaults:1 | Learned a level 4 spell: Passage of Golubria
 31808 | Vaults:1 | Reached skill level 15 in Ranged Weapons
 32017 | Vaults:1 | Found Totiav's Book Shoppe.
 32174 | Vaults:1 | Reached XP level 19. HP: 142/143 MP: 28/28
 32376 | Vaults:1 | Reached skill level 16 in Shields
 33191 | Vaults:4 | Reached skill level 12 in Hexes
 33201 | Vaults:3 | Reached skill level 9 in Translocations
 33369 | Vaults:4 | Acquired the +2 barding "Xojeic" {rF+ Str-3 Stlth+}
 34035 | Vaults:5 | Entered Level 5 of the Vaults
 34098 | Vaults:5 | Identified the amulet of Luifen Zinis {Faith SInv}
 34100 | Vaults:5 | Identified the +3 great sword of Adverse Possession
                  | {distort, rElec rC- Str+3}
 34162 | Vaults:5 | Noticed an ancient lich
 34175 | Vaults:5 | Killed an ancient lich
 34202 | Vaults:5 | Noticed a golden dragon
 34215 | Vaults:5 | Killed a golden dragon
 34248 | Vaults:5 | Found Goun's Distillery.
 34248 | Vaults:5 | Noticed an ancient lich
 34254 | Vaults:5 | Noticed a Tzitzimitl
 34259 | Vaults:5 | Noticed a golden dragon
 34292 | Vaults:5 | Killed a golden dragon
 34377 | Vaults:5 | Reached skill level 17 in Shields
 34385 | Vaults:5 | Got a shining gem with 912 turns to spare
 34421 | Vaults:5 | Noticed a golden dragon
 34610 | Vaults:5 | Reached XP level 20. HP: 114/147 MP: 30/30
 34717 | Vaults:5 | Identified the ring of the Sky {rElec rN+ EV+5 Str+3}
 35392 | Vaults:4 | Noticed Xtahua
 35446 | Vaults:4 | Paralysed by a sphinx for 5 turns
 35450 | Vaults:4 | HP: 2/155 [ettin/+0 heavy great mace (9)]
 35468 | Vaults:4 | HP: 4/155 [ettin/+0 heavy great mace (28)]
 35793 | Vaults:4 | Killed Xtahua
 36075 | Vaults:3 | Found a runed translucent door.
 36377 | Vaults:3 | You fall into a shaft and drop 1 floor!
 36379 | Vaults:4 | Noticed Margery
 36687 | Vaults:4 | Killed Margery
 37075 | Vaults:4 | Reached skill level 18 in Shields
 37075 | Vaults:4 | Reached skill level 15 in Invocations
 37999 | Vaults:3 | Reached skill level 9 in Fighting
 38415 | Vaults:3 | Noticed Vatovie's ghost (veteran MiFi)
 38434 | Vaults:2 | Found Zabreugh's Book Boutique.
 38440 | Vaults:2 | Bought a There-And-Back Book for 540 gold pieces
 38447 | Vaults:2 | Learned a level 6 spell: Dispersal
 38503 | Vaults:2 | Found Risatott's Armour Shoppe.
 39004 | Vaults:2 | Found Nubaorak's Magic Scroll Boutique.
 39007 | Vaults:2 | Bought a scroll of immolation for 68 gold pieces
 39007 | Vaults:2 | Bought a scroll of enchant armour for 127 gold pieces
 39007 | Vaults:2 | Bought a scroll of butterflies for 68 gold pieces
 39007 | Vaults:2 | Bought a scroll of blinking for 127 gold pieces
 39118 | Vaults:2 | Reached XP level 21. HP: 97/166 MP: 23/32
 39315 | Vaults:2 | Found Jen Gery's Jewellery Boutique.
 39741 | Vaults:2 | Found a staircase to the Crypt.
 40145 | Depths:1 | Identified the +11 falchion "Brush" {spect, Str+3 Int+9
                  | Stlth-}
 40257 | Depths:1 | Found a white marble altar of Elyvilon.
 40257 | Depths:1 | Found a runed translucent door.
 40447 | Depths:1 | Found Ikuharis's Weapon Shoppe.
 40528 | Depths:1 | Noticed browni3141's illusion
 40532 | Depths:1 | Killed Mara
 40694 | Depths:1 | Reached skill level 12 in Translocations
 40794 | Depths:4 | Entered Level 4 of the Depths
 41020 | Depths:4 | Noticed a golden dragon
 41042 | Depths:4 | Killed a golden dragon
 41163 | Depths:4 | Found a gate to the Realm of Zot.
 41334 | Depths:4 | Noticed a golden dragon
 41343 | Depths:4 | Killed a golden dragon
 41525 | Depths:4 | Got a midnight gem with 1468 turns to spare
 41818 | Depths:4 | Found Puewain's Jewellery Shop.
 42058 | Depths:4 | Found a gateway to Hell.
 42260 | Depths:3 | Found Wuwoorix's Armour Emporium.
 42383 | Depths:3 | Found a transporter.
 42563 | Depths:3 | Noticed Jory
 42609 | Depths:3 | Killed Jory
 42610 | Depths:3 | Reached XP level 22. HP: 72/177 MP: 28/33
 42754 | Depths:3 | Found a one-way gate to the infinite horrors of the Abyss.
 42802 | Depths:3 | Identified the ring "Heejesih" {rC++ rN+ Int+3}
 42886 | Depths:3 | Found a transporter.
 42891 | Depths:3 | Found Yproggiv's Distillery.
 42919 | Depths:3 | Bought a potion of haste for 160 gold pieces
 43209 | Depths:3 | Reached skill level 18 in Ranged Weapons
 43744 | Depths:2 | Found a one-way gateway to a ziggurat.
 43780 | Depths:2 | You fall into a shaft and drop 1 floor!
 43830 | Depths:3 | Identified the ring of the Sun {Will+ Str+5 Dex-4}
 44121 | Depths:3 | Noticed a golden dragon
 44141 | Depths:3 | Killed a golden dragon
 44231 | Depths:3 | Identified the +1 scimitar of the Asp {venom, Will+ Str+3}
 44259 | Depths:3 | Reached skill level 15 in Translocations
 44302 | Depths:3 | Reached skill level 12 in Fighting
 44326 | Depths:3 | Identified the ring "Olucoagg" {Fire MP+9}
 44690 | Depths:2 | Found Ivuuh's Magic Scroll Emporium.
 44692 | Depths:2 | Found Rysymih's Armour Shoppe.
 44694 | Depths:2 | Found Vousaox's Armour Emporium.
 44698 | Depths:2 | Bought a scroll of immolation for 52 gold pieces
 44698 | Depths:2 | Bought a scroll of vulnerability for 52 gold pieces
 44698 | Depths:2 | Bought a scroll of teleportation for 39 gold pieces
 44855 | Depths:2 | Found a one-way gate leading to the halls of Pandemonium.
 45499 | Depths:2 | Noticed a golden dragon
 45507 | Depths:2 | Killed a golden dragon
 45792 | Depths:1 | Found a shadowy altar of Dithmenos.
 46047 | Depths:1 | Paralysed by a vampire knight for 3 turns
 46099 | Depths:1 | Noticed Nikola
 46111 | Depths:1 | Killed Nikola
 46154 | Depths:1 | Identified the +0 ring mail of Idewut {rN+ rCorr}
 47035 | Vaults:2 | Bought the ring of the Ikuchi {rElec rN+ Int+3 Slay+2 SInv}
                  | for 952 gold pieces
 47435 | Depths:1 | Got the Catalogue of Altered Abominable Arts
 47661 | D:14     | You paid a toll of a +4 demon blade to enter a treasure
                  | trove
 47662 | Trove    | Entered a treasure trove
 47666 | Trove    | Found the amulet of Vitality {RegenMP++ Regen++}
 47673 | Trove    | Identified the amulet of Propriety {Acrobat Will+ Str+2
                  | Dex+4}
 47675 | Trove    | Identified the amulet of Music {Acrobat +Blink rCorr}
 47679 | Trove    | Identified the amulet "Weagiv" {Regen+ rCorr Str+3 Int-2
                  | SInv}
 47683 | Trove    | Identified the ring of the Devil's Advocate {rElec rPois
                  | rF+ Will+ Dex+4}
 47687 | Trove    | Identified the ring "Getan" {rF- rC++ MP+9 Dex+4}
 47689 | Trove    | Identified the ring of the Queen {Ice rN+}
 47944 | Slime:1  | Entered Level 1 of the Pits of Slime
 47970 | Slime:2  | Reached XP level 23. HP: 196/196 MP: 34/34
 48203 | Slime:5  | Entered Level 5 of the Pits of Slime
 48203 | Slime:5  | Found the +2 hood of the Assassin {Detect Stab+ Stlth++}
 48224 | Slime:4  | Reached skill level 15 in Fighting
 48414 | Slime:5  | Found a viscous altar of Jiyva.
 48442 | Slime:5  | Noticed the Royal Jelly
 48473 | Slime:5  | Killed the Royal Jelly
 48499 | Slime:5  | Got a starry gem with 30 turns to spare
 48504 | Slime:5  | Found the +8 whip "Snakebite" {venom, curare, rPois}
 48609 | Slime:5  | HP: 7/201 [azure jelly[the Royal Jelly] (13)]
 48872 | Slime:4  | Paralysed by a formless jellyfish for 1 turns
 49075 | Slime:5  | Identified the ring "Yffomp" {Will+ EV+5}
 49082 | Slime:5  | Identified the ring of Fun {rN+ Str+4 Int+3 Stlth-}
 49102 | Slime:5  | Got a slimy rune of Zot
 49119 | Slime:5  | Identified the +8 war axe "Buoropto" {holy, Will+ SInv}
 49158 | Slime:5  | Identified the +0 cloak of Hairiness {-Tele Str+2 Dex+3
                  | SInv}
 49173 | Slime:5  | Got Sif Muna's Omnibus of Ceraunoscopy
 49175 | Slime:5  | Identified the +8 war axe of Nozieq {drain, rElec rPois rF+
                  | Dex+3}
 49194 | Slime:5  | Identified the +4 mace "Jeufuf" {venom, rElec Int+2}
 50347 | Vaults:5 | Killed an ancient lich
 50374 | Vaults:5 | Identified the +8 arbalest of Tumult {freeze, SInv}
 50394 | Vaults:5 | Bought a potion of haste for 190 gold pieces
 50394 | Vaults:5 | Bought a potion of heal wounds for 95 gold pieces
 50394 | Vaults:5 | Bought a potion of enlightenment for 95 gold pieces
 50394 | Vaults:5 | Bought a potion of cancellation for 152 gold pieces
 50394 | Vaults:5 | Bought a potion of resistance for 190 gold pieces
 50558 | Vaults:5 | Got a silver rune of Zot
 50676 | Vaults:5 | Reached skill level 19 in Shields
 50779 | Vaults:5 | Found Bowis's Magic Scroll Shop.
 50784 | Vaults:5 | Bought a scroll of fog for 88 gold pieces
 50784 | Vaults:5 | Bought a scroll of blinking for 165 gold pieces
 50784 | Vaults:5 | Bought a scroll of teleportation for 66 gold pieces
 50784 | Vaults:5 | Bought a scroll of butterflies for 88 gold pieces
 50794 | Vaults:5 | Found Jyaqant's Magic Scroll Boutique.
 50799 | Vaults:5 | Bought a scroll of teleportation for 48 gold pieces
 50902 | Vaults:5 | Got Huhitoakk's Directory of Injury and Cleavage
 51012 | Vaults:5 | Identified the +0 chain mail "Syba Jalirgh" {Will- Regen+
                  | MP+9 Slay+6}
 51016 | Vaults:5 | Identified the +7 chain mail of Grand Freedom {Rampage
                  | Dex+2}
 51062 | Vaults:5 | Identified the +5 quarterstaff of Bamurchu {protect, Fly
                  | rCorr Int+3}
 51075 | Vaults:5 | Identified the +3 dagger of the Durable God {venom, Int-3
                  | Dex+2 Stlth+}
 51389 | Depths:3 | Voluntarily entered the Abyss.
 51594 | Abyss:2  | Found a corrupted altar of Lugonu.
 51784 | Abyss:2  | Noticed a dread lich
 51800 | Abyss:2  | Killed a dread lich
 51945 | Abyss:2  | Found a corrupted altar of Lugonu.
 52046 | Abyss:2  | Found a corrupted altar of Lugonu.
 52362 | Abyss:3  | Learned a level 1 spell: Apportation
 52448 | Abyss:3  | Got an abyssal rune of Zot
 52520 | Depths:3 | Escaped the Abyss
 52725 | Elf:1    | Entered Level 1 of the Elven Halls
 52737 | Elf:1    | Reached XP level 24. HP: 200/210 MP: 34/34
 52842 | Elf:3    | Entered Level 3 of the Elven Halls
 52877 | Elf:3    | Reached skill level 20 in Shields
 53082 | Elf:3    | Identified the +0 lajatang of World Downfall {flame, rPois}
 53153 | Elf:3    | Identified the amulet "Igosil" {Faith rElec Str+3 Int+3}
 53184 | Elf:3    | Got a shimmering gem with 1330 turns to spare
 53188 | Elf:3    | Identified the staff "Fuimoer" {rPois SInv Alchemy}
 53189 | Elf:3    | Identified the staff of Yqommeo {rC+ Will+ Int+2 Conj Necro
                  | Ice}
 53205 | Elf:3    | Identified the staff "Sotsugrog" {rElec rC+ Str-5 Dex+6
                  | SInv Ice}
 53220 | Elf:3    | Identified the +9 plate armour of Vanity {rF+ Will- Dex+3}
 53239 | Elf:3    | Identified the amulet "Wyusier" {Spirit Rampage rPois rF+
                  | Dex+2}
 53244 | Elf:3    | Got Jyqu Gai's Discursus on the Gargoyle and Unholy Rituals
 53620 | Crypt:1  | Entered Level 1 of the Crypt
 53714 | Crypt:3  | Entered Level 3 of the Crypt
 53842 | Crypt:3  | Found an ancient bone altar of Kikubaaqudgha.
 53842 | Crypt:3  | Noticed a dread lich
 53851 | Crypt:3  | Killed a dread lich
 53866 | Crypt:3  | Got an ivory gem with 1561 turns to spare
 54264 | Crypt:3  | Reached skill level 18 in Translocations
 54395 | Crypt:1  | Reached skill level 21 in Shields
 54704 | Zot:1    | Entered Level 1 of the Realm of Zot
 54911 | Zot:1    | Identified the orb of the Kangaroo {mayhem, Slay+2}
 54934 | Zot:3    | You fall into a shaft and drop 1 floor!
 54939 | Zot:5    | Entered Level 5 of the Realm of Zot
 55067 | Zot:5    | Noticed an orb of fire
 55067 | Zot:5    | Noticed an orb of fire
 55068 | Zot:5    | Noticed an orb of fire
 55071 | Zot:5    | Got the Orb of Zot
 55076 | Zot:5    | Noticed a Killer Klown
 55079 | Zot:5    | Noticed a Killer Klown
 55080 | Zot:5    | Noticed an orb of fire
 55098 | Zot:5    | Noticed Rimemite the pandemonium lord
 55142 | Zot:3    | Noticed a Killer Klown
 55142 | Zot:3    | Noticed an ancient lich
 55142 | Zot:3    | Noticed a Killer Klown
 55305 | Depths:1 | Noticed Ziux the pandemonium lord
 55373 | D:11     | Noticed Ytratoc the pandemonium lord
 55411 | D:10     | Noticed Noaxaforpho the pandemonium lord
 55588 | D:$      | Escaped with the Orb!

Illustrated notes

Levels and vault maps discovered:
D:1:      matt_arrival_refuge, layout_loops_ring,
          nicolae_kite_square_tiling_tiny
D:2:      layout_basic, basic_altar, minmay_octomino_j4, uniq_natasha,
          uniq_sigmund, uniq_robin
D:3:      cheibrodos_greedy_goblins, layout_loops_corners, minmay_statues_item,
          guppyfry_early_orc_mine
D:4:      layout_gridville, zin_scriptorium, nemelex_diamond_rough_becter,
          makhleb_altar_promises_db, serial_park_tiny_2
D:5:      layout_cave_pods, minmay_temple_entry_mist
D:6:      layout_layer_cave, trog_ov_bears_minmay, nicolae_ossuary_entry_ruins,
          serial_shops, shop, uniq_crazy_yiuf_cottage
D:7:      minmay_the_grid_octo_triangle [minmay_the_grid_octo_shrine,
          minmay_the_grid_octo_prize_star, minmay_the_grid_octo_chip],
          layout_loops_corners, amcnicky_altar_gilded
D:8:      layout_basic, minmay_manual_maat, uniq_pikel, uniq_amaemon
D:9:      layout_stronghold, chequers_jeans, uniq_joseph, uniq_erica
D:10:     layout_roguey, erik_orc_4, chequers_avenue, nicolae_take_the_stairs,
          uniq_erolcha
D:11:     layout_basic, dpeg_lair_monsters, nicolae_kikubaaqudgha_miasma_corner,
          uniq_psyche, uniq_urug
D:12:     wad_river_or_something, layout_rooms,
          gammafunk_ghost_wrathful_warriors
D:13:     layout_cave_pools, fountainhead, nicolae_elevator_lobby_plus,
          uniq_kirke
D:14:     layout_roguey, hellmonk_vaults_order_and_chaos,
          nicolae_trove_entry_crystal, uniq_azrael
D:15:     grunt_enter_depths_giant_problem, layout_cave_pools,
          hangedman_decor_push, uniq_rupert
Temple:   sentei_temple_godly_chess
Lair:1:   layout_misc_corridors
Lair:2:   layout_roguey, nicolae_swamp_entry_splash_gauntlet,
          nicolae_spider_entry_lesser_pyramids, minivault_25
Lair:3:   layout_cave_pods, infiniplex_staircase_pool_2
Lair:4:   wander_river, layout_regular_city, gauntlet_entry_generic,
          nicolae_lair_grazing_beasts [nicolae_sub_lair_graze_edge,
          nicolae_sub_lair_graze_edge, nicolae_sub_lair_graze_edge,
          nicolae_sub_lair_graze_edge], infiniplex_staircase_pool
Lair:5:   gammafunk_lair_ancient_temple, layout_gridlike, slime_entry_1,
          portal_ice_cave_entry_pillars_1, nicolae_volcano_entry_vermiform
Swamp:1:  layout_falls_marsh, evilmike_swamp_ruin_rubble_2,
          nicolae_swamp_very_dense_foliage
Swamp:2:  layout_basic_swamp, nicolae_swamp_feature_on_the_river_bank
Swamp:3:  layout_basic_swamp, evilmike_swamp_ruin_house_5
Swamp:4:  swamp_alternative, layout_basic_swamp, swamp_pool_4
Spider:1: nicolae_spider_hilbert_zone_4 [nicolae_spider_hilbert_4_sides_2_open,
          nicolae_spider_hilbert_4_sides_1_open,
          nicolae_spider_hilbert_4_sides_1_open,
          nicolae_spider_hilbert_4_sides_1_open,
          nicolae_spider_hilbert_4_sides_1_open,
          nicolae_spider_hilbert_2_sides_1_open,
          nicolae_spider_hilbert_2_sides_1_open,
          nicolae_spider_hilbert_2_sides_1_open,
          nicolae_spider_hilbert_2_sides_1_open,
          nicolae_spider_hilbert_6_sides_1_open,
          nicolae_spider_hilbert_6_sides_1_open,
          nicolae_spider_hilbert_3_sides_1_open,
          nicolae_spider_hilbert_3_sides_1_open]
Spider:2: layout_spider_delve, nicolae_spider_webbed_stairs, uniq_asterion
Spider:3: layout_spider_delve, uniq_arachne, uniq_aizul
Spider:4: johnstein_spider_rune_arachne_lair, drop_trap, nicolae_spider_nook
Slime:1:  layout_caves
Slime:2:  layout_caves
Slime:3:  layout_caves
Slime:4:  layout_caves, basic_altar
Slime:5:  slime_pit_nicolae_jellycorners
Orc:1:    layout_caves, serial_shops, shop, mines4_lemuel, uniq_josephine
Orc:2:    pubby_orc_utopia
Elf:1:    eino_elf_arrival_the_gate, layout_geoelf_octagon,
          serial_co_window_serial, co_window_paths_a, co_window_paths_a,
          co_window_paths_a, co_window_paths_b, co_window_paths_a,
          co_window_broadway_a, co_window_corner_ca, co_window_unsneaky_path_a,
          co_window_paths_c, co_window_4corner_b, glass_columns_a, serial_shops,
          nicolae_lakefront_shop, minmay_elf_sorcery,
          amcnicky_mini_corridor_feature, st_stairs_12, grunt_ministairs_10,
          nicolae_custom_books, corexii_leaking_fountain
Elf:2:    nicolae_elf_blades_splatter_lattice [mumra_blade_entry_bloodbath],
          layout_onion_city, serial_shops, nicolae_stop_n_shop_2
Elf:3:    grunt_elf_hall_asides, layout_loops_corners,
          nicolae_elf_big_sculpture_2
Vaults:1: nicolae_vaults_closet_pinwheel_6, nicolae_vaults_three_branches,
          nicolae_vaults_six-pack, nicolae_vaults_shrinking_rooms_1,
          v_pattern_3, nicolae_vaults_storage_closets_3,
          nicolae_vaults_specimen_jars, ontoclasm_vaults_gallery,
          nicolae_vaults_gold_heap, layout_vaults_chaotic_city, serial_shops,
          nicolae_book_shop_shelving
Vaults:2: nicolae_vaults_closet_pinwheel_3, ontoclasm_vaults_ring_small,
          blue_anna_dwarven_crypt, nicolae_vaults_shelves_hall, v_misc_12,
          nicolae_vaults_tetromino_L_1, nicolae_vaults_tangram_1,
          nicolae_vaults_weapon_check, nicolae_vaults_mini_display_case,
          layout_vaults_quadrants, serial_shops,
          nicolae_shop_tiny_statue_garden, nicolae_shop_tiny_statue_garden,
          nicolae_shop_real_fake_doors, nicolae_book_shop_shelving
Vaults:3: ebering_ghost_reflecting_pool, nicolae_vaults_layer_cake_slice,
          nicolae_vaults_security_offices_1,
          nicolae_vaults_windows_and_doors_thing, hangedman_vaults_slice,
          hangedman_vaults_stream, nicolae_vaults_heist, v_misc_1,
          nicolae_vaults_prndl, nicolae_vaults_bisected_slash,
          nicolae_vaults_big_ls, v_misc_16, grunt_vaults_diagonal, v_misc_23,
          vaults_dpeg_emergency_exit, nicolae_vaults_double_plus_1,
          layout_vaults_ring
Vaults:4: nicolae_vaults_prndl, nicolae_vaults_bisected_inception,
          nicolae_vaults_asterisk, nicolae_vaults_octagons,
          nicolae_vaults_spaceships, v_misc_27, vaults_dpeg_spiral,
          nicolae_vaults_closet_pinwheel_4, nicolae_vaults_network_star,
          serial_library_hellmonk_semicircle, nicolae_vaults_little_squares_1,
          layout_vaults_omnibox, uniq_xtahua, uniq_margery
Vaults:5
Crypt:1:  layout_gridlike, basic_altar, grunt_crypt_arrival_guarded_gate
Crypt:2:  layout_misc_corridors, grunt_megastairs_5
Crypt:3:  cryptofortress_bobbens, uniq_sojobo
Depths:1: regret_index_all_hallows'_manor, layout_cave_pools,
          grunt_dithmenos_smoke, serial_shops, shop, hell_entry,
          lemuel_angel_altar, uniq_mara, uniq_nikola
Depths:2: kennysheep_large_spiral, layout_cave_shapes, enter_ziggurat_d,
          pan_entry, lightli_too_deep, hellmonk_scarab_ruin, minmay_shop_star
Depths:3: hangedman_spin_cycle, hell_entry, abyss_entry, uniq_jory
Depths:4: grunt_zot_entry_bicorn, layout_cave_pools, serial_shops,
          nicolae_shop_competitors_out_of_business, pf_coc_iceberg,
          serial_bayou_shore_b
Zot:1:    evilmike_crystal_ball_defense, layout_gridlike,
          amethyst_zot_foddershock
Zot:2:    lemuel_draconian_sentries, layout_basic, basic_altar,
          grunt_megastairs_2
Zot:3:    ebering_klown_carousel, layout_gridlike, hangedman_player_shredder,
          uniq_tiamat, uniq_josephina
Zot:4:    layout_cathedral_of_symmetry, hangedman_zot_decor_checkerboard,
          regret_index_zotdec_zees, st_small_dragon_hoard_3, lemuel_elevator
Zot:5:    layout_basic

Skill      XL: |  1  2  3  4  5  6  7  8  9 10 11 12 13 14 15 16 17 18 19 20 21 22 23 24 |
---------------+-------------------------------------------------------------------------+-----
Stealth        | 2 3 |  3.0
Fighting       | 1 4 6 7 9 10 14 16 | 16.0
Ranged Weapons | 2 3 4 6 8 10 11 13 14 15 16 17 18 | 18.0
Spellcasting   | 2 3 5 6 |  6.0
Hexes          | 3 4 5 7 8 10 11 12 | 12.0
Short Blades   | 1 2 |  2.0
Fire Magic     | 1 2 3 |  3.0
Evocations     | 2 3 5 9 10 | 10.0
Invocations    | 2 4 5 6 8 10 11 12 14 15 16 | 16.0
Translocations | 3 4 5 6 8 10 13 15 16 18 | 18.0
Shields        | 4 6 9 13 15 17 18 19 21 | 21.3
Armour         | 4 5 |  5.0
Dodging        | 2 6 8 |  8.0

Action                     |  1- 3 |  4- 6 |  7- 9 | 10-12 | 13-15 | 16-18 | 19-21 | 22-24 || total
---------------------------+-------+-------+-------+-------+-------+-------+-------+-------++-------
  Melee: Short sword       |    28 |       |       |       |       |       |       |       ||    28
         Unarmed           |     1 |       |       |       |       |     4 |       |       ||     5
         Tailslap          |     4 |    25 |    24 |    29 |     3 |       |       |       ||    85
         Dagger            |     3 |   119 |   124 |   134 |     7 |       |       |       ||   387
         Punch             |     1 |     2 |       |       |       |       |       |       ||     3
         Sling             |       |     1 |       |       |       |       |       |       ||     1
         Quarterstaff      |       |       |       |    16 |       |       |       |       ||    16
         Greatsling        |       |       |       |       |       |       |     1 |       ||     1
   Fire: Sling             |    78 |    49 |       |       |       |       |       |       ||   127
         Hand cannon       |       |       |    90 |   418 |   278 |    29 |   154 |   843 ||  1812
         Greatsling        |       |       |       |       |   974 |  2098 |  2228 |  1540 ||  6840
  Throw: Dart              |       |       |       |       |     1 |       |       |       ||     1
   Cast: Jinxbite          |     3 |    12 |     9 |    12 |     3 |     1 |     1 |     1 ||    42
         Sigil of Binding  |       |     1 |     7 |     7 |     5 |     2 |     1 |       ||    23
         Inner Flame       |       |       |     7 |    23 |    30 |    26 |    32 |    13 ||   131
         Cause Fear        |       |       |     4 |       |     5 |     7 |       |       ||    16
         Dimensional Bulls |       |       |       |     6 |    10 |     5 |    28 |    53 ||   102
         Blink             |       |       |       |       |       |     6 |    27 |    21 ||    54
         Passage of Golubr |       |       |       |       |       |       |     1 |     2 ||     3
         Dispersal         |       |       |       |       |       |       |       |     9 ||     9
         Apportation       |       |       |       |       |       |       |       |     1 ||     1
 Invoke: Recite            |       |       |     8 |     9 |     8 |     4 |    13 |    11 ||    53
         Vitalisation      |       |       |       |     3 |     2 |     3 |     4 |       ||    12
         Imprison          |       |       |       |     1 |       |       |       |       ||     1
         Donate Gold       |       |       |       |       |     1 |     1 |       |       ||     2
         Sanctuary         |       |       |       |       |       |       |     4 |     5 ||     9
  Evoke: Wand              |       |       |    12 |     3 |    15 |    15 |    36 |    36 ||   117
         Lightning rod     |       |       |       |       |       |    15 |    18 |    11 ||    44
         Tin of tremorston |       |       |       |       |       |     7 |     5 |     6 ||    18
         Phantom mirror    |       |       |       |       |       |     1 |     6 |     2 ||     9
    Use: Scroll            |     1 |     1 |    11 |    15 |    14 |    20 |    24 |    18 ||   104
         Potion            |       |       |     2 |       |     4 |    13 |     9 |    13 ||    41
   Stab: Sleeping          |       |     1 |       |       |       |       |       |       ||     1
         Invisible         |       |       |     1 |     1 |       |       |       |       ||     2
         Paralysed         |       |       |       |     7 |     7 |       |       |       ||    14
 Armour: Robe              |    33 |    89 |   181 |   254 |   301 |       |       |       ||   858
         Ring mail         |       |       |       |       |    60 |   821 |   866 |  1136 ||  2883
  Dodge: Dodged            |    13 |    55 |   142 |   195 |   189 |   582 |   339 |   347 ||  1862
  Block: Buckler           |       |       |       |    90 |   259 |   436 |       |       ||   785
         Reflection        |       |       |       |    10 |    11 |     6 |       |       ||    27
         Other             |       |       |       |     5 |       |       |       |       ||     5
         Tower shield      |       |       |       |       |       |   964 |  2463 |  2876 ||  6303
